Map: Polka LE

Players

qqq - Winner!

  • Race: Zerg Zerg
  • Spawn Location: 5:00

Massa - Winner!

  • Race: Terran Terran
  • League: Platinum
  • Spawn Location: 5:00

evileric

  • Race: Zerg Zerg
  • Spawn Location: 11:00

plar

  • Race: Zerg Zerg
  • League: Platinum
  • Spawn Location: 11:00

VOD

Have the link to the VOD?

Description

Time

  • Played on: March 28, 2021, 12:58 p.m.
  • Length: 11:12
Show
View Real Time Build Order
Export as new Build Order

qqq Zerg - Winner!

Build Orders: Hatch First, Lurkers 

Get SALT Encoding   

  12  0:00  Drone  
  13  0:11  Drone  
  14  0:21  Overlord  
  14  0:47  Hatchery  
  13  0:56  Drone  
  14  0:57  Drone  
  14  0:58  Drone  
  16  1:17  Spawning Pool  
  15  1:20  Drone  
  15  1:25  Drone  
  17  1:38  Drone  
  18  1:40  Drone  
  18  1:43  Extractor  
  18  2:08  Drone x2  
  18  2:09  Drone  
  18  2:12  Queen x2  
  18  2:14  Zergling x4  
  27  2:29  Roach Warren  
  26  2:31  Drone  
  26  2:32  Drone  
  28  2:48  Overlord  
  28  2:52  Lair  
  28  2:55  Overlord  
  28  3:06  Overlord  
  28  3:08  Drone x2, Zergling x4  
  32  3:18  Drone x2  
  34  3:21  Extractor  
  34  3:24  Drone x2  
  34  3:25  Drone  
  36  3:28  Drone  
  37  3:37  Drone  
  37  3:38  Drone x2  
  37  3:39  Drone  
  41  3:56  Drone x2  
  43  4:04  Hydralisk Den  
  42  4:12  Roach x5  
  42  4:13  Overlord  
  42  4:16  Glial Reconstitution  
  52  4:21  Spore Crawler  
  51  4:25  Spore Crawler  
  51  4:26  Roach  
  51  4:31  Drone  
  52  4:42  Drone  
  52  4:43  Drone, Roach  
  52  4:44  Roach, Baneling Nest  
  59  4:52  Roach  
  59  4:55  Overlord  
  59  4:57  Drone  
  60  5:10  Overlord x2  
  60  5:11  Overlord x2  
  60  5:20  Lurker Den  
  59  5:28  Baneling x3  
  59  5:29  Baneling  
  59  5:33  Drone x3  
  59  5:34  Drone x4  
  66  5:37  Roach  
  66  5:41  Roach  
  70  5:48  Hydralisk  
  72  5:55  Spore Crawler x3  
  69  6:04  Extractor  
  69  6:06  Extractor, Queen  
  69  6:10  Spore Crawler  
  68  6:12  Spore Crawler  
  68  6:15  Drone x2  
  68  6:16  Spore Crawler  
  68  6:17  Drone  
  69  6:24  Muscular Augments  
  69  6:34  Hydralisk  
  69  6:38  Hydralisk  
  73  6:52  Hatchery  
  72  6:55  Drone  
  72  6:56  Drone  
  72  6:58  Drone  
  72  7:00  Drone  
  76  7:03  Drone  
  77  7:18  Infestation Pit  
  77  7:20  Drone x4  
  77  7:22  Drone  
  81  7:24  Drone, Spore Crawler  
  81  7:26  Drone  
  82  7:32  Drone x2  
  82  7:33  Drone  
  82  7:36  Grooved Spines  
  85  7:40  Hydralisk x2  
  89  7:44  Hydralisk  
  91  7:57  Evolution Chamber  
  90  7:59  Drone  
  90  8:00  Drone x2, Evolution Chamber  
  90  8:02  Overlord x2  
  92  8:10  Hydralisk  
  92  8:12  Roach  
  96  8:17  Lurker  
  96  8:19  Hydralisk  
  97  8:20  Hydralisk  
  97  8:21  Hydralisk  
  97  8:26  Spore Crawler  
  102  8:30  Spore Crawler  
  100  8:46  Hydralisk x3  
  100  8:47  Hydralisk x3  
  107  9:00  Lurker  
  105  9:05  Hydralisk  
  105  9:06  Hydralisk x3  
  105  9:08  Roach x2  
  105  9:09  Overlord  
  113  9:18  Lurker  
  111  9:27  Roach  
  111  9:28  Roach x4  
  117  9:32  Drone x2  
  117  9:33  Drone  
  117  9:36  Lurker x2  
  122  9:44  Overlord x3  
  122  10:17  Hydralisk x2  
  122  10:18  Hydralisk x3  
  122  10:20  Roach x4  
  130  10:43  Roach x6  
Show
View Real Time Build Order
Export as new Build Order

Massa Terran - Winner!

Build Orders: Hellion Opening 

Get SALT Encoding   

  12  0:01  SCV  
  13  0:13  SCV  
  14  0:23  Supply Depot  
  14  0:25  SCV  
  15  0:44  SCV  
  15  0:46  Refinery  
  15  0:47  Barracks  
  16  0:56  SCV  
  17  1:08  SCV  
  18  1:21  Refinery, SCV  
  19  1:33  SCV  
  20  1:44  Barracks Reactor, Command Center  
  20  1:58  Supply Depot  
  20  2:04  Factory  
  20  2:09  SCV  
  21  2:23  Marine  
  21  2:24  Marine  
  21  2:28  Orbital Command  
  27  2:58  Hellion x2  
  27  3:01  Starport  
  27  3:02  Barracks Tech Lab  
  27  3:03  SCV  
  28  3:06  Orbital Command  
  28  3:15  SCV  
  29  3:20  Supply Depot  
  29  3:22  Hellion  
  29  3:25  Hellion  
  33  3:35  SCV  
  33  3:37  SCV  
  35  3:43  Hellion  
  35  3:46  Medivac  
  39  3:49  SCV, Engineering Bay  
  39  3:50  SCV  
  41  3:56  Hellion  
  43  4:05  SCV  
  43  4:06  SCV  
  45  4:12  Armory  
  45  4:17  Missile Turret  
  45  4:18  SCV  
  45  4:19  Missile Turret  
  46  4:30  Hellion x2  
  50  4:35  Stimpack  
  50  4:36  SCV x2  
  52  4:42  Marine  
  53  4:48  SCV  
  53  4:50  Supply Depot  
  53  4:51  Supply Depot  
  54  5:11  SCV, Liberator  
  48  5:53  Widow Mine x2  
  48  5:54  Marine  
  47  6:02  Terran Infantry Weapons Level 1  
  47  6:10  Barracks x2  
  47  6:11  Barracks  
  47  6:12  Barracks x2, Marine  
  47  6:15  Widow Mine x2  
  47  6:18  Missile Turret  
  52  6:23  Missile Turret  
  52  6:25  Missile Turret  
  52  6:30  Marine  
  52  6:32  Combat Shield  
  53  6:36  Widow Mine x2  
  57  6:47  Marine  
  58  6:56  Refinery x2  
  58  6:58  Starport Reactor  
  58  6:59  Engineering Bay  
  58  7:00  Barracks Reactor, Barracks Tech Lab  
  58  7:01  Barracks Reactor, Barracks Tech Lab x2  
  58  7:05  Marine  
  56  7:24  Marauder x4  
  56  7:26  Widow Mine x2  
  68  7:34  SCV  
  68  7:35  SCV  
  70  7:44  Command Center  
  70  7:58  Supply Depot x2  
  70  8:00  Supply Depot  
  70  8:05  Supply Depot  
  70  8:06  Supply Depot  
  70  8:19  SCV x2, Marine x5  
  78  8:20  Widow Mine, Marauder, Marine x2, Medivac  
  78  8:21  Terran Infantry Weapons Level 2  
  78  8:22  Widow Mine  
  78  8:23  Terran Infantry Armor Level 1  
  87  8:32  SCV x2  
  89  8:37  Marine x7  
  98  8:41  Widow Mine, Marauder  
  98  8:44  SCV  
  101  8:55  Marine x5  
  103  8:56  Marauder  
  103  8:57  Medivac  
  103  8:58  Medivac  
  94  9:26  Marauder x4, Marine x2  
  94  9:27  Marine x2, Medivac  
  94  9:28  Medivac  
  94  9:29  Concussive Shells  
  110  9:32  Widow Mine x2  
  110  9:35  SCV x2  
  116  9:47  SCV x2  
  118  9:53  Widow Mine x2  
  118  9:59  Missile Turret  
  122  10:00  Missile Turret  
  122  10:01  Missile Turret  
  122  10:08  Marauder, Marine  
  125  10:16  Supply Depot x2  
  125  10:18  Supply Depot  
  125  10:19  Supply Depot  
  125  10:20  Missile Turret  
  125  10:37  Marine x3  
  125  10:38  Widow Mine x2, Marauder x4  
Show
View Real Time Build Order
Export as new Build Order

evileric Zerg 

Build Orders: Hatch First 

Get SALT Encoding   

  12  0:01  Drone  
  13  0:10  Drone  
  14  0:16  Overlord  
  14  0:45  Hatchery  
  14  0:47  Extractor  
  12  1:02  Spawning Pool  
  11  1:06  Drone  
  12  1:11  Drone  
  12  1:16  Drone  
  14  1:21  Drone  
  15  1:30  Drone  
  16  1:39  Drone  
  17  1:51  Drone  
  17  1:53  Queen  
  20  1:58  Drone  
  21  2:03  Zergling x2  
  22  2:19  Drone x2, Spine Crawler  
  22  2:20  Drone  
  24  2:24  Zergling x2  
  24  2:28  Metabolic Boost  
  26  2:48  Queen  
  26  2:49  Zergling x2  
  26  2:50  Overlord  
  28  2:53  Lair  
  28  3:00  Spore Crawler  
  27  3:06  Zergling x2  
  27  3:08  Zergling x6  
  31  3:14  Drone x2  
  33  3:23  Drone x2  
  35  3:34  Drone  
  36  3:49  Overlord  
  36  3:52  Overlord  
  36  3:58  Overlord  
  36  4:04  Spore Crawler  
  36  4:05  Drone, Spire  
  36  4:09  Drone x2  
  38  4:10  Drone x2  
  38  4:15  Drone x2  
  41  4:25  Drone x2  
  41  4:30  Drone x2  
  45  4:36  Drone  
  46  4:47  Drone x4  
  46  4:48  Infestation Pit  
  46  4:49  Extractor  
  46  4:52  Extractor  
  46  5:19  Mutalisk  
  46  5:21  Overlord  
  46  5:31  Queen x2  
  50  5:37  Overlord  
  48  5:54  Mutalisk  
  45  6:05  Extractor  
  45  6:07  Queen  
  46  6:22  Hatchery  
  44  6:47  Spore Crawler  
  44  6:49  Mutalisk x3  
  50  7:01  Drone x4  
  50  7:02  Drone x3  
  56  7:14  Drone x2  
  58  7:19  Hive  
  58  7:34  Drone x3  
  61  7:38  Queen  
  63  7:45  Spire  
  62  7:57  Drone x4  
  62  7:58  Drone x4  
  70  8:04  Queen  
  72  8:08  Overlord x2  
  72  8:15  Drone x2  
  72  8:16  Drone x2  
  72  8:18  Corruptor  
  78  8:34  Zergling x4  
  78  8:35  Zergling x4  
  78  8:51  Corruptor x6  
  90  8:59  Greater Spire  
  90  9:09  Zergling x8  
  88  9:19  Corruptor x3  
  92  9:32  Zergling x6  
  92  9:33  Zergling x2  
  95  10:02  Zergling x2  
  95  10:03  Zergling x8  
  95  10:04  Overlord x3  
  91  10:07  Overseer  
  91  10:12  Overseer x2  
  91  10:13  Brood Lord  
  82  10:16  Overlord  
  82  10:24  Brood Lord x4  
  67  10:39  Zergling x4  
Show
View Real Time Build Order
Export as new Build Order

plar Zerg 

Build Orders: Pool First 

Get SALT Encoding   

  12  0:00  Drone  
  13  0:13  Overlord  
  13  0:17  Drone  
  14  0:31  Drone x2  
  16  0:39  Drone  
  17  0:44  Extractor  
  17  0:47  Drone  
  17  0:51  Spawning Pool  
  17  0:57  Drone  
  17  1:20  Hatchery  
  16  1:34  Drone  
  17  1:40  Queen  
  17  1:42  Zergling x2  
  20  1:49  Metabolic Boost  
  20  1:55  Overlord  
  20  2:06  Drone  
  20  2:07  Zergling x2  
  22  2:16  Queen  
  22  2:20  Zergling x4  
  26  2:42  Drone x2  
  26  2:43  Drone  
  28  3:04  Drone  
  28  3:05  Drone x5  
  34  3:17  Baneling Nest  
  33  3:22  Extractor  
  33  3:26  Queen  
  34  3:28  Lair  
  34  3:35  Drone x2  
  34  3:37  Overlord  
  36  3:55  Zergling x2  
  36  3:56  Drone x3, Zergling x2  
  36  3:57  Drone x2  
  43  4:06  Baneling x2, Zergling x2  
  43  4:07  Overlord  
  44  4:48  Drone x2  
  44  4:49  Drone x5, Zergling x2  
  44  4:51  Overlord  
  48  5:24  Zergling x12  
  53  5:39  Drone x4  
  57  5:44  Hydralisk Den  
  56  6:05  Extractor  
  56  6:08  Extractor  
  54  6:24  Drone x2  
  54  6:25  Drone x2, Hatchery, Zergling x2, Overlord  
  58  6:45  Spore Crawler  
  57  6:52  Hydralisk x3, Grooved Spines  
  57  6:53  Hydralisk x2  
  67  6:54  Overlord  
  67  7:00  Drone, Overlord  
  68  7:35  Drone x2, Overlord  
  68  7:36  Drone x3, Zergling x4  
  75  7:44  Drone, Queen  
  76  7:48  Hatchery  
  77  7:56  Drone x2, Hydralisk x2  
  77  7:57  Hydralisk x3, Zergling x2  
  90  7:59  Overlord  
  90  8:03  Muscular Augments  
  90  8:10  Extractor, Spine Crawler  
  88  8:14  Spore Crawler  
  88  8:15  Extractor  
  88  8:16  Hydralisk x3  
  92  8:23  Spine Crawler  
  91  8:32  Spore Crawler  
  90  8:37  Hydralisk x3, Zergling x2  
  90  8:38  Zergling x2  
  97  8:45  Baneling x4  
  67  9:13  Hydralisk  
  67  9:14  Hydralisk x2, Zergling x8  
  64  9:30  Hydralisk x2  
  64  9:31  Zergling x4  
  60  9:33  Hatchery  
  59  9:38  Hydralisk x2  
  63  9:49  Evolution Chamber  
  63  9:50  Evolution Chamber  
  61  9:53  Hydralisk x4  
  61  9:59  Baneling x3  
  69  10:01  Hydralisk x2  
  69  10:05  Overseer  
  73  10:12  Overseer  
  60  10:43  Hydralisk x6, Zergling x4  
  60  10:44  Hydralisk, Zergling x8  
Tags
 
Add a new tag
Caveats
  • Supply blocks, unpowered buildings, or Contaminate may cause inaccurate times.
  • Supply counts are checked every 10 seconds.